 Dungeon Crawl Stone Soup version 0.31.0-11-ge490571c62 (webtiles) character file.

Game seed: 5092769738803241111

50 qw the Shooter (level 3, -3/18 HPs)
             Began as a Spriggan Hunter on Feb 3, 2024.
             Slain by a black bear (10 damage)
             ... on level 2 of the Dungeon.
             The game lasted 00:00:18 (722 turns).

qw the Shooter (Spriggan Hunter)                     Turns: 722, Time: 00:00:18

Health: -3/18      AC:  3    Str:  7    XL:     3   Next: 55%
Magic:  4/4        EV: 19    Int: 10    God:
Gold:   69         SH:  0    Dex: 20    Spells: 2/2 levels left

rFire   . . .        a - +0 shortbow
rCold   . . .        (shield currently unavailable)
rNeg    . . .        c - +0 robe
rPois   .            h - +1 hat
rElec   .            (no cloak)
rCorr   .            (gloves unavailable)
SInv    +            (boots unavailable)
Will    .....        (no amulet)
Stlth   ++           (no ring)
HPRegen 0.23/turn    (no ring)
MPRegen 0.09/turn

%: no passive effects
@: very quick
A: very small, no large weapons, unfitting armour, see invisible, speed 3
a: no special abilities


You were on level 2 of the Dungeon.
You visited 1 branch of the dungeon, and saw 2 of its levels.

You collected 69 gold pieces.


Innate Abilities, Weirdness & Mutations

You are very small and have problems with some larger weapons.
You are too small for most types of armour.
You have supernaturally acute eyesight. (SInv)
You cover ground extremely quickly. (Speed+++)


   Skills:
 - Level 1.5 Fighting
 + Level 4.8 Ranged Weapons
 - Level 4.0 Dodging
 - Level 1.5 Stealth


You had 2 spell levels left.
You didn't know any spells.
Your spell library was empty.

Inventory:

Hand Weapons
 a - a +0 shortbow (weapon)
Armour
 c - a +0 robe (worn)
 e - a +0 cloak
 h - a +1 hat (worn)
Jewellery
 b - an amulet of magic regeneration
 f - a +6 ring of intelligence
Scrolls
 d - a scroll of amnesia {unknown}

Dungeon Overview and Level Annotations

Branches:
Dungeon (2/15)

Altars:


Message History

You shoot an arrow. The arrow hits the hobgoblin!
You kill the hobgoblin!
A black bear comes into view.
You shoot an arrow.
The arrow hits the black bear but does no damage.
The black bear growls angrily.
You shoot an arrow. The arrow hits the black bear.
The black bear is moderately wounded.
You shoot an arrow.
The arrow closely misses the black bear.
You shoot an arrow. The arrow hits the black bear!
The black bear is heavily wounded.
You shoot an arrow. The arrow hits the black bear!
The black bear is severely wounded.
The black bear goes berserk!
You shoot an arrow.
The arrow closely misses the black bear.
A goblin comes into view. It is wielding a +0 dagger.
The black bear misses you. The black bear completely misses you.
The black bear claws you.
Enter note:
Enter note:
717 ||| RETREEEEATING.
The black bear bites you!
Ouch! That really hurt!
The black bear barely misses you. x2
Enter note:
718 ||| RETREEEEATING.
Enter note:
719 ||| RETREEEEATING.
You shoot an arrow. The arrow hits the black bear.
The black bear is almost dead.
The black bear closely misses you. x3
Enter note:
721 ||| RETREEEEATING.
You shoot an arrow. The arrow hits the black bear.
The black bear is almost dead.
The black bear bites you!
Ouch! That really hurt!
You die...

.# . ..#.## ## ..g...
.# ......#.#####.#
.....#...##.. ..
.....##.....# .#
.......)..#.# .#
~~~.........##.####.#
#¤~........h@......#
#~......###########
#~.¤...## #~¤¤..#¤#
##¤.....## #
###~¤¤.....# #. ###
~~~¤.......# #.###.##
...........#
#......##
¤.......##...#
##...<.#


You could see a black bear (berserk).

Vanquished Creatures
  An adder (D:2)
  2 dart slugs
  4 bats
  3 endoplasms
  2 giant cockroaches (D:1)
  5 goblins
  2 hobgoblins
  5 kobolds (D:1)
  2 quokkas (D:1)
  3 ball pythons (D:1)
  2 frilled lizards
  3 rats (D:1)
34 creatures vanquished.

Notes
Turn   | Place    | Note
-------+----------+-------------------------------------------
     0 | D:1      | qw the Spriggan Hunter began the quest for the Orb.
     0 | D:1      | Reached XP level 1. HP: 10/10 MP: 2/2
     0 | D:1      | 0 ||| qw: Version: 0.3-a-155-g5e7d8dd
     0 | D:1      | 0 ||| qw: Game counter: 3446
     0 | D:1      | 0 ||| qw: Melee chars always use a shield: true
     0 | D:1      | 0 ||| qw: God list: Okawaru
     0 | D:1      | 0 ||| qw: Allow faded altars: false
     0 | D:1      | 0 ||| qw: Do Orc after clearing Dungeon:15 true
     0 | D:1      | 0 ||| qw: Do second Lair branch before Depths: true
     0 | D:1      | 0 ||| qw: Lair rune preference: random
     0 | D:1      | 0 ||| qw: Goals: Normal
     0 | D:1      | 0 ||| PLANNING D:1-11
    66 | D:1      | Reached skill level 3 in Dodging
   157 | D:1      | Reached XP level 2. HP: 14/14 MP: 3/3
   458 | D:1      | Reached XP level 3. HP: 17/18 MP: 4/4
   527 | D:1      | 527 ||| UPGRADING to +1 hat.
   532 | D:1      | 532 ||| READING scroll labelled JIOHAXI NOTHRA.
   537 | D:1      | 537 ||| READING scroll labelled ZIFOETHRU FIXE.
   538 | D:1      | 538 ||| READING scroll labelled OFUOTHI UJEA.
   538 | D:1      | 538 ||| IDENTIFYING 2 clear potions
   539 | D:1      | 539 ||| DRINKING 2 viscous silvery potions.
   540 | D:1      | 540 ||| DROPPING scroll of butterflies.
   541 | D:1      | 541 ||| DROPPING 2 potions of ambrosia.
   542 | D:1      | 542 ||| DROPPING potion of attraction.
   710 | D:2      | Noticed a black bear
   717 | D:2      | 717 ||| RETREEEEATING.
   718 | D:2      | 718 ||| RETREEEEATING.
   719 | D:2      | 719 ||| RETREEEEATING.
   721 | D:2      | 721 ||| RETREEEEATING.
   722 | D:2      | Slain by a black bear

Levels and vault maps discovered:
D:1:      nagdon_arrival_double_spiral, layout_rooms
D:2:      layout_loops_ring, kennysheep_decorative_pillar, uniq_terence,
          uniq_natasha

Skill      XL: |  1  2 |
---------------+-------+-----
Dodging        | 3 4 |  4.0
Fighting       | |  1.5
Ranged Weapons | |  4.8
Stealth        | |  1.5

Action                     || total
---------------------------++-------
   Fire: Shortbow          ||   105
    Use: Scroll            ||     3
         Potion            ||     1
 Armour: Robe              ||    13
  Dodge: Dodged            ||    49

Table legend:
 A = Non-vault XP
 B = Vault XP
 C = Vault XP percentage of total XP
 D = Non-vault monster count
 E = Vault monster count
 F = Vault count percentage of total count
                 A         B        C        D         E       F
            +---------+---------+-------+---------+---------+-------
      Total |      72 |       0 |   0.0 |      34 |       0 |   0.0
            +---------+---------+-------+---------+---------+-------
        D:1 |      41 |       0 |   0.0 |      24 |       0 |   0.0
        D:2 |      31 |       0 |   0.0 |      10 |       0 |   0.0
            +---------+---------+-------+---------+---------+-------
